 Dungeon Crawl Stone Soup version 0.31-a0-988-g08d55dae12 (webtiles) character file.

Game seed: 3915727778949217602

93 Azuregosa the Stinger (level 4, -5/27 HPs)
             Began as an Octopode Wanderer on Nov 5, 2023.
             Slain by an ogre
             ... wielding a +0 giant club
              (16 damage)
             ... on level 3 of the Dungeon.
             The game lasted 00:09:03 (1934 turns).

Azuregosa the Stinger (Octopode Wanderer)           Turns: 1934, Time: 00:09:04

Health: -5/27      AC:  1    Str: 10    XL:     4   Next: 62%
Magic:  6/8        EV:  7    Int: 17    God:
Gold:   174        SH: 11    Dex: 11    Spells: 2/8 levels left

rFire   . . .        s - +0 long sword
rCold   . . .        g - +0 tower shield
rNeg    . . .        b - +0 hat
rPois   .            (no amulet)
rElec   .            d - ring of flight
rCorr   .            (no ring)
SInv    .            (no ring)
Will    .....        (no ring)
Stlth   +++          (no ring)
HPRegen 0.24/turn    (no ring)
MPRegen 0.11/turn    (no ring)
                     (no ring)

%: no passive effects
@: flying, very slightly contaminated
A: almost no armour, amphibious, 8 rings, camouflage 1, gelatinous body 1,
(nimble swimmer 1), tentacles
a: no special abilities


You were on level 3 of the Dungeon.
You visited 1 branch of the dungeon, and saw 4 of its levels.

You collected 174 gold pieces.

Inventory:

Hand Weapons
 a - a +0 spear
 n - a +0 hand axe
 s - a +0 long sword (weapon)
Missiles
 e - 36 stones
 l - 2 boomerangs
Armour
 b - a +0 hat (worn)
 g - a +0 tower shield (worn)
Jewellery
 d - a ring of flight (left tentacle)
 o - a ring of fire
 q - a +4 ring of slaying
Scrolls
 f - 5 scrolls of identify {unknown}
 k - a scroll of butterflies {unknown}
 p - a scroll of poison {unknown}
 u - a scroll of teleportation {unknown}
 v - a scroll of vulnerability {unknown}
Potions
 c - a potion of lignification
 h - a potion of enlightenment {unknown}
 i - 2 potions of degeneration {unknown}
 j - a potion of might {unknown}
 m - 2 potions of magic {unknown}
 r - a potion of curing {unknown}
 t - 2 potions of heal wounds {unknown}


   Skills:
 - Level 2.0 Polearms
 - Level 1.0 Throwing
 - Level 1.0 Dodging
 - Level 1.3 Stealth
 + Level 1.3 Shields
 - Level 2.8 Spellcasting
 - Level 1.2 Conjurations
 - Level 1.2 Air Magic
 - Level 4.5 Poison Magic


You had 2 spell levels left.
You knew the following spells:

 Your Spells              Type           Power      Damage    Failure   Level
a - Sting                 Tmut/Pois      40%        1d5       96%         1
b - Poisonous Vapours     Pois/Air       24%        N/A       97%         2
c - Mephitic Cloud        Conj/Pois/Air  10%        N/A       100%        3

Your spell library contained the following spells:

 Spells                   Type           Power      Damage    Failure   Level
 Magic Dart               Conj           24%        1d4       99%         1
 Shock                    Conj/Air       24%        1d4       99%         1
 Summon Small Mammal      Summ           8%         N/A       100%        1
 Call Imp                 Summ           4%         N/A       100%        2
 Call Canine Familiar     Summ           2%         N/A       100%        3
 Ignite Poison            Fire/Tmut/Pois 7%         N/A       100%        3
 Summon Guardian Golem    Hex/Summ       2%         N/A       100%        3
 Swiftness                Air            6%         N/A       100%        3
 Airstrike                Air            3%         2d(1-17)  100%        4
 Chain Lightning          Conj/Air       3%         3d4       100%        9
 Fire Storm               Conj/Fire      2%         8d1       100%        9
 Shatter                  Erth           1%         3d5*      100%        9


Dungeon Overview and Level Annotations

Branches:
Dungeon (4/15)
 Temple: D:4-7

Altars:
Yredelemnul


Innate Abilities, Weirdness & Mutations

You cannot wear most types of armour.
You are amphibious.
You can wear up to eight rings at the same time.
Your skin changes colour to match your surroundings (Stealth+).
Your rubbery body absorbs attacks. (AC +1, EV +1)
((You are camouflaged when in or above water. (Stealth+)))
You have tentacles for arms and can constrict up to eight enemies at once.


Message History

There is a stone staircase leading down here.
There is a stone staircase leading down here.
As you open the door, it creaks loudly!
You hear an angry hiss.
A ball python comes into view.
There is an open door here.
You closely miss the ball python. You grab the ball python.
You squeeze the ball python.
You kill the ball python!
You see here a ball python corpse.
Found a stone staircase leading down.
f - 5 scrolls labelled YGGAH NODEJOTU (gained 1)
You now have 166 gold pieces (gained 3).
You now have 174 gold pieces (gained 8).
There is a stone staircase leading down here.
You reach down and open the door.
There is an open door here.
t - 2 purple potions (gained 1)
An ogre comes into view. It is wielding a +0 giant club.
The ogre shouts!
You slash the ogre!
The ogre is moderately wounded.
The ogre hits you with a +0 giant club!
Ouch! That really hurt!
Casting: Sting (safe; 96% risk of failure)
Confirm with . or Enter, or press ? or * to list all spells.
Aiming: Sting (safe; 96% risk of failure)
Press: ? - help, Shift-Dir - straight line, f - ogre
Aim: an ogre, wielding a +0 giant club (moderately wounded, 86% to hit)
You miscast Sting.
You are very lightly contaminated with residual magic.
Nothing appears to happen.
You block the ogre's attack.
Casting: Sting (safe; 96% risk of failure)
Confirm with . or Enter, or press ? or * to list all spells.
Aiming: Sting (safe; 96% risk of failure)
Press: ? - help, Shift-Dir - straight line, f/p - ogre
Aim: an ogre, wielding a +0 giant club (moderately wounded, 86% to hit)
You miscast Sting.
Nothing appears to happen.
The ogre hits you with a +0 giant club!
Ouch! That really hurt!
You die...

..........
..........
..........
##+########
..........
#.........#
..........
#.........#
..........
#.........#
..........
#.....O...#
#.........
#.....@...#
#.........
#.........#
#####.....
#....!....#
###>.#
#.........#####
#.##
#.............#
#.#
#.............#
#.#
...............#
#.#
...............#
#.#
.#####+##......#
#.#


You could see an ogre.

Vanquished Creatures
  Jessica (D:2)
  A worm (D:2)
  A dart slug (D:1)
  9 ball pythons
  8 bats
  4 endoplasms
  3 giant cockroaches
  6 goblins
  9 hobgoblins
  3 quokkas
  3 frilled lizards
  2 kobolds (D:1)
  6 rats
56 creatures vanquished.

Notes
Turn   | Place    | Note
-------+----------+-------------------------------------------
     0 | D:1      | Azuregosa the Octopode Wanderer began the quest for the
                  | Orb.
     0 | D:1      | Azuregosa set off with the following items: a +0 spear, a
                  | +0 hat, a potion of lignification; and the following spell
                  | memorised: Sting; and the following spells available to
                  | memorise: Poisonous Vapours, Ignite Poison.
     0 | D:1      | Reached XP level 1. HP: 11/11 MP: 3/3
    81 | D:1      | Reached XP level 2. HP: 17/17 MP: 5/5
    84 | D:1      | Learned a level 2 spell: Poisonous Vapours
   115 | D:1      | Reached skill level 4 in Poison Magic
   514 | D:1      | Reached XP level 3. HP: 18/21 MP: 6/6
   546 | D:1      | Learned a level 3 spell: Mephitic Cloud
   992 | D:2      | Noticed Jessica
   999 | D:2      | Killed Jessica
  1000 | D:2      | Reached skill level 1 in Conjurations
  1000 | D:2      | Reached skill level 1 in Air Magic
  1000 | D:2      | Reached XP level 4. HP: 27/27 MP: 6/8
  1241 | D:2      | Found a basalt altar of Yredelemnul.
  1454 | D:2      | Reached skill level 1 in Shields
  1928 | D:3      | Noticed an ogre
  1934 | D:3      | Slain by an ogre

Illustrated notes

Levels and vault maps discovered:
D:1:      lightli_arrival_noodles, layout_loops_corners,
          corexii_item_surrounded_by_moat, corexii_leaking_fountain,
          chequers_serial_rivers_room_a
D:2:      layout_loops_cross, basic_altar, kennysheep_generic_room_6,
          uniq_jessica
D:3:      layout_basic, uniq_terence
D:4:      layout_loops_corners, tso_altar

Skill      XL: |  1  2  3  4 |
---------------+-------------+-----
Poison Magic   | 4 |  4.5
Conjurations   | 1 |  1.2
Air Magic      | 1 |  1.2
Shields        | 1 |  1.3
Polearms       | |  2.0
Throwing       | |  1.0
Dodging        | |  1.0
Stealth        | |  1.3
Spellcasting   | |  2.8

Action                     |  1- 3 |  4- 6 || total
---------------------------+-------+-------++-------
  Melee: Spear             |    81 |     2 ||    83
         Tentacles         |    16 |     9 ||    25
         Constrict         |    22 |    12 ||    34
         Punch             |     1 |       ||     1
         Long sword        |       |    28 ||    28
         Hand axe          |       |     3 ||     3
   Cast: Sting             |     4 |       ||     4
   Stab: Sleeping          |    10 |     2 ||    12
 Armour: Skin              |    26 |    19 ||    45
  Dodge: Dodged            |    46 |    15 ||    61
  Block: Tower shield      |       |    25 ||    25

Table legend: (Time is in decaauts)
 A = Elapsed time spent in this place.
 B = Non-inter-level travel time spent in this place.
 C = Inter-level travel time spent in this place.
 D = Time resting spent in this place.
 E = Time spent auto-exploring this place.
 F = Levels seen in this place.
 G = Mean time per level.
                   A        B        C        D        E       F      G
               +--------+--------+--------+--------+--------+-----+--------+
         Total |   1962 |   1900 |     62 |    235 |   1086 |   4 |  490.5 |
       Dungeon |   1962 |   1900 |     62 |    235 |   1086 |   4 |  490.5 |
               +--------+--------+--------+--------+--------+-----+--------+

Top non-repeatable levels by time:
     D:1: 945 daAuts
     D:2: 860 daAuts
     D:3: 155 daAuts
     D:4: 1 daAuts
